 Dungeon Crawl Stone Soup version 0.28.0-45-g0d030f2227 (webtiles) character file.

Game seed: 4750784627667928616

15268 Zeld the Tainter (level 11, -1/91 HPs)
             Began as a Green Draconian Conjurer on Apr 14, 2022.
             Was an Initiate of Qazlal.
             Slain by a seven-headed hydra (10 damage)
             ... on level 2 of the Lair of Beasts.
             The game lasted 00:23:01 (17303 turns).

Zeld the Tainter (Green Draconian Conjurer)        Turns: 17303, Time: 00:23:03

Health: -1/91      AC:  8    Str:  9    XL:     11   Next: 99%
Magic:  15/22      EV: 13    Int: 23    God:    Qazlal [......]
Gold:   1033       SH:  0    Dex: 10    Spells: 10/25 levels left

rFire   . . .      SeeInvis .   a - +7 falchion (protect)
rCold   . . .      Faith    .   (no shield)
rNeg    . . .      Spirit   .   (armour unavailable)
rPois   +          Reflect  .   (helmet restricted)
rElec   .          Harm     .   (no cloak)
rCorr   .          Rampage  .   (no gloves)
Will    .....                   k - +0 pair of boots
Stlth   ++........              f - amulet of magic regeneration
HPRegen 0.25/turn               (no ring)
MPRegen 0.58/turn               (no ring)

@: very slightly contaminated, studying Long Blades
A: breathe noxious fumes, AC +7, unfitting armour, poison resistance,
cold-blooded
a: Breathe Noxious Fumes, Renounce Religion


You were on level 2 of the Lair of Beasts.
You worshipped Qazlal.
Qazlal was noncommittal.
You visited 3 branches of the dungeon, and saw 13 of its levels.
You also visited: Bailey.

You collected 1369 gold pieces.
You spent 336 gold pieces at shops.

Inventory:

Hand Weapons
 a - a +7 falchion of protection (weapon)
Armour
 k - a +0 pair of boots (worn)
Jewellery
 f - an amulet of magic regeneration (around neck)
Wands
 c - a wand of flame (28)
 l - a wand of digging (5)
 n - a wand of paralysis (3)
 p - a wand of charming (6)
 v - a wand of iceblast (22)
 w - a wand of mindburst (6)
Scrolls
 j - a scroll of fear
 t - 2 scrolls of holy word
 u - 4 scrolls of teleportation
 x - 2 scrolls of amnesia
 A - 2 scrolls of magic mapping
Potions
 b - 5 potions of flight
 e - a potion of ambrosia {unknown}
 h - 4 potions of haste
 i - 2 potions of curing
 m - a potion of resistance {unknown}
 o - a potion of cancellation {unknown}
 q - a potion of attraction {unknown}
 s - 3 potions of brilliance
 y - 2 potions of invisibility {unknown}
 B - a potion of berserk rage {unknown}
 C - a potion of heal wounds {unknown}
Miscellaneous
 d - a condenser vane


   Skills:
 + Level 6.5 Fighting
 * Level 1.8 Long Blades
 + Level 5.3 Dodging
 + Level 4.2 Stealth
 + Level 7.7 Spellcasting
 * Level 11.3 Conjurations
 - Level 2.0 Hexes
 - Level 2.0 Translocations
 * Level 11.8 Poison Magic
 + Level 3.6 Evocations


You had 10 spell levels left.
You knew the following spells:

 Your Spells              Type           Power      Damage    Failure   Level
a - Magic Dart            Conj           100%       1d8       1%          1
b - Searing Ray           Conj           100%       2d8       1%          2
c - Fulminant Prism       Conj/Hex       19%        3d11      4%          4
d - Iskenderun's Mystic   Conj/Tloc      39%        2d9       4%          4
e - Olgreb's Toxic Radia  Pois           59%        N/A       1%          4

Your spell library contained the following spells:

 Spells                   Type           Power      Damage    Failure   Level
 Sting                    Tmut/Pois      100%       1d8       1%          1
 Poisonous Vapours        Pois/Air       72%        N/A       1%          2
 Dazzling Flash           Conj/Hex       78%        N/A       1%          3
 Flame Wave               Conj/Fire      34%        2d8       7%          4
 Scorch                   Fire           16%        2d5       11%         2
 Starburst                Conj/Fire      17%        6d6       71%         6
 Summon Cactus Giant      Summ           4%         N/A       100%        6


Dungeon Overview and Level Annotations

Branches:
Dungeon (10/15)            Temple (1/1) D:5            Lair (2/6) D:8
 Spider (0/4) Lair:2       Bailey (visited)
  Swamp: Lair:2-4    Shoals: Lair:2-4       Orc: D:9-12

Altars:
Ashenzari
Cheibriados
Dithmenos
Elyvilon
Fedhas
Gozag
Hepliaklqana
Kikubaaqudgha
Makhleb
Nemelex Xobeh
Okawaru
Qazlal
Ru
Sif Muna
Trog
Uskayaw
Vehumet
Wu Jian
Xom
Yredelemnul
Zin
The Shining One

Shops:
D:8 :   D:9 ?


Innate Abilities, Weirdness & Mutations

You can breathe blasts of noxious fumes.
Your lurid green scales are hard. (AC +7)
You cannot fit into any form of body armour.
Your system is resistant to poisons. (rPois)
You are cold-blooded and may be slowed by cold attacks.


Message History

You erupt in a blast of force!
The mystic blast hits the fungus!
The fungus is lightly damaged.
The mystic blast hits the seven-headed hydra!
The seven-headed hydra is moderately wounded.
The seven-headed hydra bites you!
The seven-headed hydra closely misses you.
The seven-headed hydra bites you but does no damage.
The seven-headed hydra bites you.
The seven-headed hydra closely misses you.
The seven-headed hydra barely misses you. x2
Casting: Iskenderun's Mystic Blast (dangerous; 4% risk of failure)
Confirm with . or Enter, or press ? or * to list all spells.
You miscast Iskenderun's Mystic Blast.
You are very lightly contaminated with residual magic.
Nothing appears to happen.
A nearby fungus withers and dies.
The seven-headed hydra bites you but does no damage.
The seven-headed hydra barely misses you.
The seven-headed hydra misses you.
The seven-headed hydra closely misses you.
The seven-headed hydra barely misses you.
The seven-headed hydra bites you.
The seven-headed hydra bites you but does no damage.
Casting: Iskenderun's Mystic Blast (dangerous; 4% risk of failure)
Confirm with . or Enter, or press ? or * to list all spells.
You erupt in a blast of force!
The mystic blast hits the seven-headed hydra!
The seven-headed hydra is moderately wounded.
The seven-headed hydra bites you!
The seven-headed hydra barely misses you.
The seven-headed hydra bites you! x2
The seven-headed hydra closely misses you.
The seven-headed hydra bites you. x2
The seven-headed hydra bites you but does no damage.
The seven-headed hydra bites you!
* * * LOW HITPOINT WARNING * * *
The seven-headed hydra closely misses you.
The seven-headed hydra bites you!
* * * LOW HITPOINT WARNING * * *
The seven-headed hydra bites you!
You die...

...# ##..^#.^..#.. ...#
#............ ...###
##........... ....P##
##.......... ..#.P.# ###
###..###.#..#
..#...###P###P##..#..#
#..#...#..........#..#
.........≈≈≈≈≈≈.D....#
##.......≈≈≈≈≈≈.@...[#
#........≈≈≈≈≈≈......#
.........≈≈≈≈≈≈...##....
.......#.≈≈≈≈≈≈...##....
#...............<.......
.......[....#...PP##....
|..........##...### .
...........#....### .
............P>.#..##..


You could see a seven-headed hydra.

Vanquished Creatures
  A hydra (Lair:1)
  2 two-headed ogres
  3 orc knights (Bailey)
  A necromancer (D:9)
  A cyclops (D:6)
  Joseph (D:8)
  2 cane toads
  2 kobold demonologists (D:9)
  A troll (D:9)
  A hornet (D:8)
  Prince Ribbit (Lair:2)
  11 blink frogs
  3 wyverns (D:8)
  Grum (D:8)
  A redback (Lair:2)
  A steam dragon (D:8)
  6 water moccasins
  7 orc warriors
  An ice beast (D:5)
  9 black bears
  A necrophage (D:6)
  2 sky beasts (D:5)
  An ogre (D:5)
  5 wolves
  3 centaurs
  3 phantoms
  3 kobold brigands
  5 bullfrogs
  4 scorpions
  A gnoll sergeant (D:8)
  A water moccasin zombie (D:6)
  3 killer bees (D:9)
  10 wights
  A howler monkey (D:5)
  An electric eel (Lair:2)
  A hound (D:4)
  4 orc priests
  A jelly (D:5)
  A centaur skeleton (D:6)
  2 bullfrog skeletons
  An iguana (D:5)
  Terence (D:3)
  10 orc wizards
  A scorpion zombie (D:5)
  3 yak simulacra (D:9)
  3 polar bear simulacra (D:9)
  A killer bee zombie (D:5)
  3 wolf simulacra (D:9)
  6 gnolls
  10 adders
  A shadow imp (D:6)
  An ufetubus (D:5)
  2 worms
  5 dart slugs
  27 orcs
  6 endoplasms
  3 giant cockroaches
  10 goblins
  9 hobgoblins
  3 quokkas
  4 ball pythons
  4 bats
  4 frilled lizards
  16 kobolds
  4 rats
  2 river rat simulacra (D:9)
249 creatures vanquished.

Vanquished Creatures (collateral kills)
  A hydra (Lair:1)
1 creature vanquished.

Vanquished Creatures (others)
  4 fulminant prisms
  4 fungi
  16 plants
24 creatures vanquished.

Grand Total: 274 creatures vanquished

Notes
Turn   | Place    | Note
-------+----------+-------------------------------------------
     0 | D:1      | Zeld the Draconian Conjurer began the quest for the Orb.
     0 | D:1      | Reached XP level 1. HP: 14/14 MP: 3/3
   391 | D:1      | Reached XP level 2. HP: 22/22 MP: 0/5
   457 | D:1      | Learned a level 2 spell: Searing Ray
  1587 | D:2      | Reached skill level 1 in Fighting
  1587 | D:2      | Reached XP level 3. HP: 11/28 MP: 0/6
  2197 | D:3      | Found a snail-covered altar of Cheibriados.
  2293 | D:3      | Reached XP level 4. HP: 7/35 MP: 2/7
  2575 | D:3      | Found a faded altar of an unknown god.
  2609 | D:3      | Reached skill level 5 in Conjurations
  2712 | D:3      | Noticed Terence
  2715 | D:3      | Killed Terence
  2839 | D:3      | Reached XP level 5. HP: 41/41 MP: 5/9
  3682 | D:4      | Noticed a black bear
  3702 | D:4      | Killed a black bear
  3703 | D:4      | Reached XP level 6. HP: 27/50 MP: 3/10
  3848 | D:3      | Learned a level 4 spell: Fulminant Prism
  3853 | D:3      | Learned a level 4 spell: Iskenderun's Mystic Blast
  4228 | D:4      | Found an iron altar of Okawaru.
  4299 | D:5      | Entered Level 5 of the Dungeon
  4310 | D:5      | Reached skill level 1 in Hexes
  4310 | D:5      | Reached skill level 1 in Translocations
  4339 | D:5      | Noticed a sky beast
  4344 | D:5      | Killed a sky beast
  4345 | D:5      | Your scales start taking on a lurid green colour.
  4345 | D:5      | Reached XP level 7. HP: 57/57 MP: 6/12
  4345 | D:5      | Gained mutation: Your system is resistant to poisons.
                  | (rPois) [Green Draconian growth]
  4371 | D:5      | Found a sacrificial altar of Ru.
  4779 | D:5      | Found an opulent altar of Gozag.
  4966 | D:5      | Found a staircase to the Ecumenical Temple.
  4979 | Temple   | Entered the Ecumenical Temple
  5095 | D:5      | Reached XP level 8. HP: 61/66 MP: 8/14
  5253 | D:5      | Learned a level 4 spell: Olgreb's Toxic Radiance
  5403 | D:6      | Reached skill level 1 in Poison Magic
  5487 | D:6      | Found a shimmering blue altar of Sif Muna.
  5511 | D:6      | Noticed a two-headed ogre
  5729 | D:6      | Noticed a cyclops
  5747 | D:6      | Killed a cyclops
  5752 | D:6      | Reached skill level 5 in Fighting
  6018 | D:6      | Found a sparkling altar of Nemelex Xobeh.
  6024 | D:6      | Killed a two-headed ogre
  6025 | D:6      | Reached skill level 5 in Spellcasting
  6025 | D:6      | Reached skill level 5 in Poison Magic
  6025 | D:6      | Reached XP level 9. HP: 74/74 MP: 10/16
  6853 | D:7      | Found a bloodstained altar of Trog.
  7018 | D:7      | Found a flagged portal.
  7029 | Bailey   | Entered a bailey
  7083 | Bailey   | Noticed an orc knight
  7408 | Bailey   | Killed an orc knight
  7679 | Bailey   | Noticed an orc knight
  7681 | Bailey   | Noticed an orc knight
  7705 | Bailey   | Killed an orc knight
  7706 | Bailey   | Reached XP level 10. HP: 49/81 MP: 6/19
  7719 | Bailey   | Killed an orc knight
  7720 | Bailey   | Reached skill level 10 in Conjurations
  9122 | D:8      | Reached skill level 10 in Poison Magic
  9128 | D:8      | Noticed Grum
  9615 | D:8      | Found a staircase to the Lair.
  9622 | D:8      | Killed Grum
  9660 | D:8      | Found Raesch's Book Emporium.
  9930 | D:8      | Reached skill level 1 in Evocations
 10110 | D:8      | Noticed Joseph
 10120 | D:8      | Killed Joseph
 10937 | D:8      | Reached XP level 11. HP: 76/87 MP: 9/21
 11229 | D:9      | Found Muogeemo's Magic Scroll Shop.
 11238 | D:9      | Bought a scroll of amnesia for 42 gold pieces
 11238 | D:9      | Bought a scroll of identify for 24 gold pieces
 11238 | D:9      | Bought a scroll of fear for 42 gold pieces
 11238 | D:9      | Bought a scroll of summoning for 114 gold pieces
 11238 | D:9      | Bought a scroll of teleportation for 36 gold pieces
 11238 | D:9      | Bought a scroll of magic mapping for 42 gold pieces
 11238 | D:9      | Bought a scroll of teleportation for 36 gold pieces
 11481 | D:9      | Noticed a two-headed ogre
 11806 | D:9      | Noticed a soul eater
 12072 | D:9      | Noticed a necromancer
 12079 | D:9      | Killed a necromancer
 12683 | D:9      | Found Muogeemo's Magic Scroll Shop.
 12806 | D:9      | Killed a two-headed ogre
 13099 | D:10     | Entered Level 10 of the Dungeon
 13145 | D:10     | Identified the +1 leather armour of Tender Moments {rPois
                  | Will- Dex+5}
 13160 | D:10     | Found a radiant altar of Vehumet.
 13295 | Temple   | Became a worshipper of Qazlal Stormbringer
 13371 | Lair:1   | Entered Level 1 of the Lair of Beasts
 13459 | Lair:1   | Noticed an eight-headed hydra
 13478 | Lair:1   | Killed an eight-headed hydra
 14200 | Lair:1   | Reached skill level 5 in Dodging
 14752 | Lair:2   | Noticed Prince Ribbit
 15401 | Lair:2   | Killed Prince Ribbit
 15439 | Lair:2   | Noticed a seven-headed hydra
 16428 | Lair:1   | Killed a seven-headed hydra
 16429 | Lair:1   | Reached skill level 1 in Long Blades
 16610 | Lair:2   | Noticed a seven-headed hydra
 16618 | Lair:2   | HP: 4/91 [seven-headed hydra (12)]
 17232 | Lair:2   | Found a hole to the Spider Nest.
 17303 | Lair:2   | Slain by a seven-headed hydra

Illustrated notes

Levels and vault maps discovered:
D:1:      amcnicky_arrival_wind_blow, layout_basic
D:2:      layout_basic, chequers_serial_rivers_small_b
D:3:      layout_basic, cheibriados_altar_1, ebering_ecumenical_altar_rust,
          uniq_terence
D:4:      layout_rooms, okawaru_ov_weapons_minmay
D:5:      layout_gridville, mainiacjoe_overflow_alcove_2,
          mainiacjoe_overflow_paths, minmay_temple_entry_ruins, minmay_circle_x
D:6:      minmay_flawed_box, layout_rooms, mainiacjoe_overflow_catwalk,
          mainiacjoe_overflow_concentric_impassable,
          chequers_serial_rivers_large_a, minmay_increasing_density
D:7:      layout_basic, kennysheep_little_box, enter_bailey_3
D:8:      layout_gridville, minmay_lair_entry_grove, serial_shops, shop,
          ebering_dispersal_statue_hall, chequers_serial_rivers_micro_b,
          uniq_grum, uniq_joseph
D:9:      layout_irregular_city, serial_shops,
          nicolae_shop_competitors_out_of_business, grunt_ministairs_1,
          eino_house_with_fridge
D:10:     layout_roguey, nicolae_vehumet_radiance, uniq_gastronok
Temple:   nicolae_temple_great_sept
Lair:1:   layout_cave_pods, chequers_serial_rivers_large_b
Lair:2:   layout_gridlike, spider_nest_entry_rubble,
          nicolae_quartered_pool_impasse, beast_lair_carwin_4,
          serial_bayou_shore_a, uniq_prince_ribbit2

Skill      XL: |  1  2  3  4  5  6  7  8  9 10 11 |
---------------+----------------------------------+-----
Stealth        | 2 4 |  4.2
Dodging        | 2 3 4 5 |  5.3
Fighting       | 1 2 3 4 5 6 |  6.5
Conjurations   | 5 6 7 8 9 10 11 | 11.3
Spellcasting   | 3 4 5 6 7 |  7.7
Hexes          | 1 2 |  2.0
Translocations | 1 2 |  2.0
Poison Magic   | 5 8 10 11 | 11.8
Evocations     | 1 3 |  3.6
Long Blades    | 1 |  1.8

Action                   |  1- 3 |  4- 6 |  7- 9 | 10-12 || total
-------------------------+-------+-------+-------+-------++-------
Melee: Unarmed           |    20 |       |     9 |     7 ||    36
       Tailslap          |     2 |       |     1 |     3 ||     6
       Falchion          |       |       |       |     2 ||     2
 Cast: Magic Dart        |    69 |    63 |    57 |     6 ||   195
       Searing Ray       |     2 |    15 |    43 |    54 ||   114
       Iskenderun's Myst |       |       |    18 |    66 ||    84
       Olgreb's Toxic Ra |       |       |    24 |    41 ||    65
       Fulminant Prism   |       |       |       |     4 ||     4
 Abil: Breathe Noxious F |       |       |     5 |     7 ||    12
  Use: Scroll            |       |       |     9 |    16 ||    25
       Potion            |       |       |       |     1 ||     1
Armor: Skin              |     9 |     9 |    41 |    57 ||   116
Dodge: Dodged            |    22 |    23 |    91 |   130 ||   266
